 Dungeon Crawl Stone Soup version 0.21.1-1-g345015f (webtiles) character file.

6359 Verr the Cleaver (level 10, -6/94 HPs)
             Began as a Minotaur Berserker on Mar 2, 2018.
             Was a High Priest of Trog.
             Mangled by a lorocyproca (17 damage)
             ... on level 1 of the Abyss.
             The game lasted 00:43:54 (7335 turns).

Verr the Cleaver (Minotaur Berserker)               Turns: 7335, Time: 00:43:54

Health: -6/94      AC: 18    Str: 21    XL:     10   Next: 65%
Magic:  0/9        EV:  9    Int:  9    God:    Trog [*****.]
Gold:   444        SH:  0    Dex: 12    Spells: 9/9 levels left

rFire    . . .     SeeInvis +   L - +3 bardiche "Neototh" {flame, rElec rPois Int+5}
rCold    . . .     Gourm    .   (shield currently unavailable)
rNeg     + . .     Faith    .   K - +1 plate armour {rN+}
rPois    +         Spirit   +   (helmet restricted)
rElec    +         Reflect  .   j - +0 cloak
rCorr    .         Harm     .   D - +0 pair of gloves (curse)
MR       .....                  J - +0 pair of boots
Stlth    ..........             I - amulet of guardian spirit
HPRegen  0.25/turn              p - ring of wizardry
MPRegen  0.11/turn              f - ring of see invisible

@: berserk cooldown, slowed, very slow
A: retaliatory headbutt, horns 2, weak 1
a: Berserk, Trog's Hand, Brothers in Arms, Burn Spellbooks, Renounce Religion


You were on level 1 of the Abyss.
You worshipped Trog.
Trog was extremely pleased with you.
You were not hungry.

You visited 1 branch of the dungeon, and saw 9 of its levels.
You visited the Abyss 1 time.
You also visited: Sewer.

You collected 444 gold pieces.

Inventory:

Hand Weapons
 B - a +2 hand axe of venom
 L - the +3 bardiche "Neototh" (weapon) {flame, rElec rPois Int+5}
   (You found it on level 7 of the Dungeon)

   It has been specially enchanted to burn those struck by it, causing extra
   injury to most foes and up to half again as much damage against particularly
   susceptible opponents.
   Big, fiery blades are also staple armaments of hydra-hunters.
   It affects your intelligence (+5).
   It insulates you from electricity.
   It protects you from poison.
Armour
 j - a +0 cloak (worn)
 z - a +2 shield
 D - a cursed +0 pair of gloves (worn)
 J - a +0 pair of boots (worn)
 K - a +1 plate armour of positive energy (worn)
 O - a +0 troll leather armour
Jewellery
 f - a ring of see invisible (right hand)
 p - a ring of wizardry (left hand)
 G - an uncursed amulet of rage
 I - an amulet of guardian spirit (around neck)
Wands
 l - a wand of enslavement (13)
 A - a wand of iceblast (5)
 H - a wand of polymorph (7)
Scrolls
 d - 2 scrolls of fear {unknown}
 e - a scroll of blinking {unknown}
 h - 6 scrolls of teleportation
 i - 3 scrolls of fog
 m - a scroll of remove curse
 n - 4 scrolls of identify
 q - a scroll of enchant weapon {unknown}
 t - 2 scrolls of enchant armour {unknown}
 x - a scroll of magic mapping {unknown}
Potions
 b - a potion of degeneration {unknown}
 g - a potion of lignification
 k - 2 potions of haste
 r - a potion of cancellation {unknown}
 s - a potion of agility
 u - a potion of heal wounds {unknown}
 v - a potion of flight
 w - a potion of mutation {unknown}
 C - a potion of brilliance {unknown}
 E - 2 potions of might
 F - a potion of magic {unknown}
 N - a potion of ambrosia {unknown}
Miscellaneous
 y - a fan of gales
Comestibles
 c - 17 rations


   Skills:
 * Level 10.9 Fighting
 * Level 10.9 Axes
 + Level 7.9 Armour
 + Level 7.1 Dodging
 + Level 7.0 Shields


You had 9 spell levels left.
You didn't know any spells.

Dungeon Overview and Level Annotations

Branches:
Dungeon (9/15)             Temple (0/1) D:6
   Lair: D:8-11         Orc: D:9-12

Altars:
Cheibriados
Dithmenos
Elyvilon
Kikubaaqudgha
Makhleb
Qazlal
Ru
Sif Muna
Trog
Vehumet
Wu Jian
Yredelemnul
Zin


Innate Abilities, Weirdness & Mutations

You reflexively headbutt those who attack you in melee.
You have a pair of horns on your head.
You are weak. (Str -2)


Message History

Trog accepts your kill. The orange demon barely misses you.
The lorocyproca hits you!!
You feel your power leaking away. The orange demon stings you from afar.
Okay, then.
You feel better. The lorocyproca barely misses you.
The orange demon stings you but does no damage.
The lorocyproca barely misses you.
A thrashing horror comes into view.
Your plate armour prevents you from hitting the lorocyproca.
The thrashing horror roars!
The orange demon stings you but does no damage.
The lorocyproca hits you!!
* * * LOW HITPOINT WARNING * * *
You feel your power leaking away.
The thrashing horror tramples you but does no damage.
The thrashing horror barely misses you.
The orange demon stings you but does no damage.
The lorocyproca hits you!
You die...

. .. # # .
.. . # #
#. . . ##.
#.##.
###.... .
. .
#)##.....
# . #
##42#..# .
. .
##..#@X.#
..
#.4#..## #
.
....#...#
.
..##..#.#.
# #..
.##.####
.. #. # .
. . . .# .
. # .


You could see a lorocyproca (invisible), an orange demon and a thrashing horror.

Vanquished Creatures
  The ghost of kaesh the Ruffian, a novice TrMo (D:5)
  Psyche (D:8)
  An ancient zyme (Abyss:1)
  A troll (D:8)
  2 large abominations (Abyss:1)
  A yak (D:7)
  A steam dragon (D:7)
  3 hogs (D:7)
  A human (D:7)
  Menkaure (D:7)
  A chaos spawn (Abyss:1)
  A neqoxec (Abyss:1)
  2 small abominations (Abyss:1)
  Edmund (D:4)
  A water moccasin (D:7)
  An orc warrior (D:8)
  A hornet zombie (D:7)
  A necrophage (D:8)
  A black bear (D:8)
  2 ogres (D:8)
  2 phantoms
  3 centaurs
  Blork the orc (D:4)
  5 bullfrogs
  2 gnoll sergeants (D:5)
  A wyvern zombie (D:6)
  2 scorpions
  10 killer bees (D:8)
  9 wights
  3 howler monkeys (D:7)
  2 crimson imps (D:8)
  A quasit (D:8)
  A bullfrog zombie (D:5)
  2 bullfrog skeletons
  A centaur zombie (D:8)
  2 hounds
  An orc priest (D:3)
  3 orc wizards
  An iron imp (Abyss:1)
  An iguana (D:7)
  Terence (D:2)
  6 worker ants
  A hound zombie (D:8)
  7 gnolls (D:6)
  7 adders
  A shadow imp (D:4)
  2 ufetubi (Abyss:1)
  2 oozes
  4 worms
  A dart slug (D:4)
  5 leopard geckos
  23 orcs
  6 ball pythons
  3 bats
  19 giant cockroaches
  5 goblins
  4 hobgoblins
  11 jackals
  7 kobolds
  2 quokkas
  9 frilled lizards
  A jackal skeleton (D:7)
  A quokka skeleton (D:4)
  A quokka zombie (D:5)
  7 rats
214 creatures vanquished.

Notes
Turn   | Place    | Note
-------+----------+-------------------------------------------
     0 | D:1      | Verr the Minotaur Berserker began the quest for the Orb.
     0 | D:1      | Reached XP level 1. HP: 19/19 MP: 0/0
   257 | D:1      | Reached XP level 2. HP: 27/27 MP: 1/1
   628 | D:2      | Found a sacrificial altar of Ru.
   667 | D:2      | Reached XP level 3. HP: 31/33 MP: 2/2
   698 | D:2      | Found a radiant altar of Vehumet.
   874 | D:2      | Reached ** piety under Trog
  1038 | D:2      | Noticed Terence
  1045 | D:2      | Killed Terence
  1045 | D:2      | Reached XP level 4. HP: 41/41 MP: 3/3
  1615 | D:3      | Reached XP level 5. HP: 47/47 MP: 4/4
  1665 | D:3      | Reached skill level 1 in Shields
  1984 | D:4      | Noticed Blork the orc
  1994 | D:4      | Killed Blork the orc
  1994 | D:4      | Reached skill level 5 in Fighting
  1994 | D:4      | Reached skill level 5 in Axes
  2030 | D:4      | Noticed a phantom
  2067 | D:4      | Killed a phantom
  2067 | D:4      | Reached XP level 6. HP: 49/56 MP: 5/5
  2113 | D:4      | Reached *** piety under Trog
  2117 | D:4      | Noticed Edmund
  2130 | D:4      | Killed Edmund
  2520 | D:4      | Got an ivory long sword
  2585 | D:4      | Found a shadowy altar of Dithmenos.
  2679 | D:5      | Entered Level 5 of the Dungeon
  2870 | D:5      | Reached XP level 7. HP: 62/63 MP: 6/6
  2916 | D:5      | Identified the Tome of Twisted Enchantment
  3056 | D:5      | Noticed kaesh's ghost (novice TrMo)
  3074 | D:5      | Killed kaesh's ghost
  3074 | D:5      | Reached skill level 5 in Armour
  3074 | D:5      | Reached XP level 8. HP: 73/73 MP: 7/7
  3651 | D:6      | Found a staircase to the Ecumenical Temple.
  3708 | D:6      | Reached **** piety under Trog
  3724 | D:6      | Found a deep blue altar of Sif Muna.
  3726 | D:6      | Found a bloodstained altar of Trog.
  3731 | D:6      | Found a burning altar of Makhleb.
  3731 | D:6      | Found a glowing silver altar of Zin.
  3731 | D:6      | Found a basalt altar of Yredelemnul.
  3731 | D:6      | Found an ancient bone altar of Kikubaaqudgha.
  3732 | D:6      | Found a glowing drain.
  3745 | Sewer    | Entered a sewer
  4121 | Sewer    | Reached skill level 5 in Dodging
  4616 | D:6      | Found a white marble altar of Elyvilon.
  4894 | D:7      | Reached XP level 9. HP: 67/82 MP: 8/8
  4923 | D:7      | Found an ancient bone altar of Kikubaaqudgha.
  4964 | D:7      | Reached skill level 5 in Shields
  4979 | D:7      | Noticed Menkaure
  4987 | D:7      | Killed Menkaure
  5041 | D:7      | Got a shimmering bardiche
  5043 | D:7      | Identified the +3 bardiche "Neototh" {flame, rElec rPois Int+5} (You found it on level 7 of the Dungeon)
  5082 | D:7      | Found a snail-covered altar of Cheibriados.
  5354 | D:7      | Found a stormy altar of Qazlal.
  5601 | D:7      | Found an ornate altar of the Wu Jian Council.
  5674 | D:7      | Reached ***** piety under Trog
  5856 | D:8      | Noticed Psyche
  5865 | D:8      | Reached XP level 10. HP: 79/93 MP: 6/9
  5868 | D:8      | Paralysed by Psyche for 5 turns
  5879 | D:8      | Killed Psyche
  5879 | D:8      | Reached skill level 10 in Fighting
  5879 | D:8      | Reached skill level 10 in Axes
  6267 | D:8      | Found a shadowy altar of Dithmenos.
  6950 | D:9      | Cast into level 1 of the Abyss (orc priest)
  6964 | Abyss:1  | Gained mutation: You are weak. (Str -2) [a neqoxec]
  7230 | Abyss:1  | Noticed a lich
  7319 | Abyss:1  | Noticed an orange demon
  7330 | Abyss:1  | Noticed a lorocyproca
  7335 | Abyss:1  | Noticed a thrashing horror
  7335 | Abyss:1  | Mangled by a lorocyproca

Skill      XL: |  1  2  3  4  5  6  7  8  9 10 |
---------------+-------------------------------+-----
Fighting       | 4 5 6 7 8 9 10 | 10.9
Axes           | 4 5 6 7 8 9 10 | 10.9
Armour         | 3 4 5 7 |  7.9
Dodging        | 3 4 5 6 7 |  7.1
Shields        | 1 2 3 4 6 7 |  7.0

Action                   |  1- 3 |  4- 6 |  7- 9 | 10-12 || total
-------------------------+-------+-------+-------+-------++-------
Melee: Hand axe          |    50 |   133 |   236 |       ||   419
       Headbutt          |     3 |    32 |    72 |    28 ||   135
       Bardiche          |       |       |    54 |   112 ||   166
Invok: Berserk           |     1 |     3 |     4 |     3 ||    11
       Burn Spellbooks   |       |     1 |     3 |       ||     4
       Trog's Hand       |       |       |     1 |     1 ||     2
  Use: Scroll            |     2 |     1 |     3 |       ||     6
       Potion            |       |       |     4 |     3 ||     7
  Eat: Chunk             |       |     7 |     8 |     2 ||    17
       Ration            |       |     1 |     2 |     2 ||     5
Armor: Animal skin       |     3 |       |       |       ||     3
       Leather armour    |     4 |       |       |       ||     4
       Ring mail         |    16 |    31 |    38 |       ||    85
       Plate armour      |       |       |   121 |   162 ||   283
Dodge: Dodged            |    28 |    33 |   123 |   140 ||   324
Block: Shield            |       |    45 |   141 |       ||   186
